 Dungeon Crawl Stone Soup version 0.30.1-9-gdf580d7c3d (webtiles) character file.

Game seed: 7929934690709331056

6429 Ijustatesigmund the Geomancer (level 10, -3/60 HPs)
             Began as a Gargoyle Earth Elementalist on Oct 25, 2023.
             Was a Follower of Cheibriados.
             Slain by Erica
             ... wielding a +3 scimitar of flaming
              (6 damage)
             ... on level 7 of the Dungeon.
             The game lasted 00:27:51 (11258 turns).

Ijustatesigmund the Geomancer (GrEE)               Turns: 11258, Time: 00:27:52

Health: -3/60      AC: 12    Str: 15    XL:     10   Next: 99%
Magic:  18/18      EV: 11    Int: 23    God:    Cheibriados [*.....]
Gold:   572        SH:  0    Dex: 15    Spells: 19/23 levels left

rFire   + . .        t - +10 broad axe of Fimbulwinter {heavy, rC+}
rCold   + . .        (no shield)
rNeg    + + .        e - +0 leather armour of Satisfaction {rN+}
rPois   ∞            (no helmet)
rElec   +            (no cloak)
rCorr   +            (no gloves)
SInv    .            k - +1 pair of boots
Will    .....        (no amulet)
Stlth   +++          j - ring of protection from fire
HPRegen 0.30/turn    s - ring of resist corrosion
MPRegen 0.16/turn

%: no passive effects
@: attractive, very slow
A: sickness immunity, AC +7, negative energy resistance 1, electricity
resistance, torment resistance 1, petrification resistance, thin skeletal
structure 1, low MP 1
a: Renounce Religion, Bend Time


You were on level 7 of the Dungeon.
You worshipped Cheibriados.
Cheibriados was aware of your devotion.
You visited 2 branches of the dungeon, and saw 10 of its levels.
You also visited: Sewer, Ossuary and Bailey.

You collected 572 gold pieces.

Inventory:

Hand Weapons
 d - a +2 flail
 m - a +1 flail of pain
 t - the +10 broad axe of Fimbulwinter (weapon) {heavy, rC+}
   (You found it on level 7 of the Dungeon)

   rC:        It protects you from cold.
Armour
 e - the +0 leather armour of Satisfaction (worn) {rN+}
   (You found it on level 6 of the Dungeon)

   rN:        It protects you from negative energy.
 k - a +1 pair of boots (worn)
Jewellery
 g - a ring of fire
 j - a ring of protection from fire (left hand)
 l - a ring of positive energy
 s - a ring of resist corrosion (right hand)
 u - a ring of protection from cold
Wands
 c - a wand of iceblast (5)
 B - a wand of flame (15)
 E - a wand of paralysis (5)
Scrolls
 f - 3 scrolls of fear
 w - 5 scrolls of immolation
 A - 2 scrolls of fog {unknown}
 C - a scroll of amnesia
 F - a scroll of summoning {unknown}
 G - a scroll of teleportation
Potions
 a - a potion of berserk rage {unknown}
 b - 4 potions of magic
 i - 2 potions of resistance
 n - 4 potions of haste
 o - a potion of brilliance {unknown}
 p - 5 potions of flight
 v - a potion of lignification
 x - a potion of ambrosia {unknown}
 z - 2 potions of mutation


   Skills:
 + Level 5.7 Fighting
 - Level 2.8 Axes
 - Level 2.5 Armour
 - Level 1.5 Dodging
 - Level 2.1 Stealth
 + Level 7.3 Spellcasting
 + Level 8.6 Conjurations
 - Level 0.7 Transmutations
 + Level 10.0 Earth Magic
 + Level 4.5 Invocations
 - Level 3.5 Evocations


You had 19 spell levels left.
You knew the following spells:

 Your Spells              Type           Power      Damage    Failure   Level
a - Sandblast             Erth           100%       2d20      1%          1
b - Stone Arrow           Conj/Erth      100%       3d13      1%          3

Your spell library contained the following spells:

 Spells                   Type           Power      Damage    Failure   Level
 Passwall                 Tmut/Erth      27%        N/A       1%          2
 Petrify                  Tmut/Erth      33%        N/A       10%         4
 Flame Wave               Conj/Fire      28%        2d9       16%         4
 Sticky Flame             Conj/Fire      28%        2d5       16%         4
 Inner Flame              Hex/Fire       8%         N/A       26%         3


Dungeon Overview and Level Annotations

Branches:
Dungeon (9/15)             Temple (1/1) D:5           Sewer (visited)
Ossuary (visited)          Bailey (visited)
   Lair: D:8-11         Orc: D:9-12

Altars:
Ashenzari
Cheibriados
Dithmenos
Elyvilon
Fedhas
Gozag
Hepliaklqana
Kikubaaqudgha
Makhleb
Nemelex Xobeh
Okawaru
Qazlal
Ru
Sif Muna
Trog
Uskayaw
Vehumet
Xom
Yredelemnul
Zin
The Shining One

Annotations:
D:7 Erica


Innate Abilities, Weirdness & Mutations

You are immune to sickness and miasma.
Your stone body is resilient. (AC +7)
You are immune to poison.
You resist negative energy. (rN+)
You are resistant to electric shocks. (rElec)
You are resistant to unholy torment.
You are immune to petrification.
You have a somewhat thin skeletal structure. (Dex +2, Stealth+)
Your magical capacity is low. (-10% MP)


Message History

The orc closely misses you.
Erica hits you with a +3 scimitar of flaming.
You hit Erica.
Erica is moderately wounded.
You slash the orc!
You kill the orc!
Cheibriados appreciates the change of pace.
Erica zaps a wand.
The bolt of light hits you!
You are confused.
Erica mumbles some strange words.
Erica flickers and vanishes!
Deactivating autopickup; reactivate with Ctrl-A.
You bump into the rock wall.
You hear some strange, mumbled words.
A lance of force appears from out of thin air!
The lance of force hits you!
You are knocked back by the lance of force.
You slam into the rock wall!
* * * LOW HITPOINT WARNING * * *
It was a potion of mutation.
You feel extremely strange.
You feel less energetic.
Your bones become slightly less dense.
You feel less confused. Something hits you!
* * * LOW HITPOINT WARNING * * *
You closely miss something.
You hear a zap.
A bolt of light appears from out of thin air!
The bolt of light misses you. Something hits you.
* * * LOW HITPOINT WARNING * * *
Something burns you.
* * * LOW HITPOINT WARNING * * *
You slash something!
You hear some strange, mumbled words.
A bolt of poison appears from out of thin air!
The bolt of poison hits you but does no damage.
You resist. Something hits you but does no damage.
It was a potion of attraction.
You feel attractive to monsters. Something hits you.
You die...

#.......# #.# #######.#
#.# #.# #.# #.# #.# #.#
#.# #.# #.# #.# #.#
########.#######.#
.............^.{@#
########.######)## #.#
###..# #.# #...## #.#
#.### # #.# #.# #
#.###.############ #
#................#
###########.##########.##


There were no monsters in sight!

Vanquished Creatures
  2 vault guards (Bailey)
  A two-headed ogre (D:6)
  Prince Ribbit (Bailey)
  Grinder (D:4)
  Eustachio (D:6)
  3 humans (Bailey)
  4 yaks (D:9)
  Edmund (D:6)
  An acid dragon (D:9)
  5 water moccasins
  A black bear (D:3)
  A sky beast (D:8)
  2 orc warriors
  A kobold brigand (D:9)
  15 bullfrogs
  A scorpion (D:6)
  A centaur zombie (Ossuary)
  A jelly (D:4)
  2 orc priests
  5 hounds
  2 sleepcaps (D:7)
  4 iguanas
  3 orc wizards (D:5)
  3 mummies (Ossuary)
  Robin (D:4)
  9 gnolls
  13 adders
  A white imp (D:5)
  3 ufetubi
  A worm (D:2)
  3 dart slugs (D:1)
  23 orcs
  13 ball pythons
  3 bats (D:3)
  18 endoplasms
  19 giant cockroaches
  25 goblins
  13 hobgoblins
  11 quokkas
  6 frilled lizards
  A gnoll zombie (Ossuary)
  2 goblin zombies (Ossuary)
  2 hobgoblin zombies (Ossuary)
  8 kobolds
  A kobold zombie (Ossuary)
  An orc zombie (Ossuary)
  A quokka zombie (D:7)
  13 rats
  A rat zombie (D:7)
  A spectral orc (D:6)
255 creatures vanquished.

Vanquished Creatures (others)
  A hobgoblin (D:4)
1 creature vanquished.

Grand Total: 256 creatures vanquished

Notes
Turn   | Place    | Note
-------+----------+-------------------------------------------
     0 | D:1      | Ijustatesigmund the Gargoyle Earth Elementalist began the
                  | quest for the Orb.
     0 | D:1      | Reached XP level 1. HP: 10/10 MP: 3/3
   213 | D:1      | Reached XP level 2. HP: 16/16 MP: 1/5
   310 | D:1      | Reached skill level 1 in Fighting
   355 | D:1      | Reached skill level 4 in Earth Magic
   632 | D:1      | Reached XP level 3. HP: 20/20 MP: 1/6
   636 | D:1      | Learned a level 3 spell: Stone Arrow
  1375 | D:2      | Reached skill level 1 in Conjurations
  1986 | D:2      | Reached XP level 4. HP: 25/25 MP: 6/8
  2395 | D:3      | Noticed a black bear
  2403 | D:3      | Killed a black bear
  2404 | D:3      | Reached XP level 5. HP: 25/29 MP: 0/9
  2681 | D:3      | Reached skill level 5 in Earth Magic
  3500 | D:4      | Reached XP level 6. HP: 34/34 MP: 7/10
  3666 | D:4      | Noticed Grinder
  3671 | D:4      | Killed Grinder
  3672 | D:4      | Reached skill level 1 in Evocations
  3795 | D:4      | Reached XP level 7. HP: 38/38 MP: 10/12
  3846 | D:4      | Noticed Robin
  3888 | D:4      | Killed Robin
  4811 | D:5      | Entered Level 5 of the Dungeon
  4915 | D:5      | Reached skill level 6 in Earth Magic
  4946 | D:5      | Found a staircase to the Ecumenical Temple.
  5246 | D:5      | Found a glowing drain.
  5264 | Sewer    | Entered a sewer
  5774 | Sewer    | Reached skill level 5 in Conjurations
  5776 | Sewer    | Reached XP level 8. HP: 42/43 MP: 10/14
  6388 | D:6      | Noticed Edmund
  6393 | D:6      | Killed Edmund
  6394 | D:6      | Reached skill level 7 in Earth Magic
  6507 | D:6      | Reached skill level 5 in Spellcasting
  6519 | D:7      | Identified the +10 broad axe of Fimbulwinter {heavy, rC+}
  6723 | D:7      | Found a stormy altar of Qazlal.
  6790 | D:7      | Found a glowing golden altar of the Shining One.
  6840 | D:7      | Reached skill level 1 in Axes
  6862 | D:7      | Reached XP level 9. HP: 34/49 MP: 17/17
  6963 | D:7      | Found a sand-covered staircase.
  6970 | Ossuary  | Entered an ossuary
  7694 | D:6      | Noticed a two-headed ogre
  7698 | D:6      | Killed a two-headed ogre
  7699 | D:6      | Reached skill level 8 in Earth Magic
  7726 | D:6      | Identified the +0 leather armour of Satisfaction {rN+}
  7843 | D:6      | Found a hazy altar of Hepliaklqana.
  7896 | D:6      | Noticed Eustachio
  7926 | D:6      | Killed Eustachio
  7927 | D:6      | Reached skill level 1 in Armour
  8342 | D:6      | Found a sacrificial altar of Ru.
  8564 | Temple   | Entered the Ecumenical Temple
  8754 | Temple   | Became a worshipper of Cheibriados the Contemplative
  9004 | D:8      | Identified the +1 robe "Haptuv" {rElec Str+2}
  9053 | D:8      | Found a flagged portal.
  9103 | Bailey   | Entered a bailey
  9230 | Bailey   | Reached skill level 1 in Invocations
  9232 | Bailey   | Reached XP level 10. HP: 43/56 MP: 19/19
  9409 | Bailey   | Reached skill level 9 in Earth Magic
  9549 | Bailey   | Reached * piety under Cheibriados
  9664 | Bailey   | Noticed a vault guard
  9664 | Bailey   | Noticed Prince Ribbit
  9669 | Bailey   | Killed a vault guard
  9673 | Bailey   | Killed Prince Ribbit
  9711 | Bailey   | Noticed a vault guard
  9734 | Bailey   | Killed a vault guard
  9735 | Bailey   | Reached skill level 5 in Fighting
 10318 | D:8      | Noticed Erica
 10886 | D:9      | Reached skill level 10 in Earth Magic
 11255 | D:7      | Gained mutation: Your magical capacity is low. (-10% MP)
                  | [potion of mutation]
 11255 | D:7      | Gained mutation: You have a somewhat thin skeletal
                  | structure. (Dex +2, Stealth+) [potion of mutation]
 11256 | D:7      | HP: 3/60 [something (4)]
 11258 | D:7      | Slain by Erica

Illustrated notes

Levels and vault maps discovered:
D:1:      elethiomel_arrival_infinity_welcomes_careful_drivers, layout_basic,
          serial_forest, infiniplex_forest_lined_corner,
          infiniplex_forest_lined_2, infiniplex_forest_clump_small,
          infiniplex_forest_corner_1, infiniplex_forest_side_room,
          infiniplex_forest_corner_2, infiniplex_forest_zigzag_1,
          infiniplex_forest_end_1
D:2:      layout_loops_ring, st_stairs_7
D:3:      layout_loops_ring, roderic_roman_lattice, grunt_ministairs_3,
          minmay_pentangle
D:4:      minmay_angry_zag, layout_loops_ring, uniq_robin, uniq_grinder
D:5:      layout_loops_ring, minmay_temple_entry_waves, portal_sewer_entry_b
D:6:      layout_rooms, nicolae_ru_path_of_blood,
          nicolae_hepliaklqana_monster_ancestors, grunt_ministairs_2,
          uniq_eustachio, uniq_edmund
D:7:      layout_basic, grunt_temple_overflow_open, enter_ossuary_4
D:8:      layout_cave_pools, enter_bailey_6, serial_park, serial_park_avenue1,
          serial_park_tiny_2, serial_park_paths [serial_park_minivault_5x5_7],
          serial_park_tiny_pond, uniq_erica
D:9:      layout_loops_ring
Temple:   bh_familiar_temple

Skill      XL: |  1  2  3  4  5  6  7  8  9 10 |
---------------+-------------------------------+-----
Fighting       | 1 2 3 5 |  5.7
Earth Magic    | 4 5 6 7 8 10 | 10.0
Conjurations   | 1 3 4 5 6 7 8 |  8.6
Spellcasting   | 3 4 5 6 7 |  7.3
Evocations     | 1 2 3 |  3.5
Axes           | 1 2 |  2.8
Armour         | 2 |  2.5
Invocations    | 1 4 |  4.5
Dodging        | |  1.5
Stealth        | |  2.1
Transmutations | |  0.7

Action                     |  1- 3 |  4- 6 |  7- 9 | 10-12 || total
---------------------------+-------+-------+-------+-------++-------
  Melee: Flail             |       |    18 |    86 |       ||   104
         Staff             |       |     4 |       |       ||     4
         Mace              |       |     2 |       |       ||     2
         Broad axe         |       |       |    96 |    80 ||   176
   Cast: Sandblast         |    64 |    57 |    67 |       ||   188
         Stone Arrow       |       |     3 |    47 |    11 ||    61
  Evoke: Wand              |       |     2 |    13 |     8 ||    23
    Use: Scroll            |       |     6 |    17 |     6 ||    29
         Potion            |       |       |     1 |    15 ||    16
   Stab: Sleeping          |       |     3 |     1 |     1 ||     5
         Paralysed         |       |       |       |     4 ||     4
 Armour: Robe              |     2 |    25 |   113 |       ||   140
         Leather armour    |       |       |    46 |    63 ||   109
  Dodge: Dodged            |     6 |    23 |   192 |    80 ||   301
